Cogmind - Beta 14 @@@ ROGUE MODE // 2025.01.11 @ 23:49:19 Player: hoganstuff Result: Self-destructed Performance ------------- Evolutions (1) 500 Regions Visited (5) 1000 Robots Destroyed (20) 100 Value Destroyed (462) 462 Prototype IDs (5) 100 Alien Tech Used (0) 0 Bonus (349) 349 TOTAL SCORE: 2511 Bonus ------- Follower Combat Kills 58 Aligned with FarCom 300 Friendly Fire -9 Cogmind --------- Core Integrity 130/400 Matter 270/300 Energy 90/100 System Corruption 0% Temperature Cool (0) Movement Core (200) Ox3 Location -9/Exiles Parts ------- > --- POWER (1) -------- (None) > --- PROPULSION (3) --- (None) > --- UTILITY (3) ------ (None) > --- WEAPON (2) ------- Guided Plasma Cannon > --- INVENTORY (5) ---- Light Treads Medium Matter Pod (100) Beam Rifle Particle Gun Grenade Launcher Peak State ------------ > --- POWER ------------ (None) > --- PROPULSION ------- (None) > --- UTILITY ---------- Lightpack 2.0 > --- WEAPON ----------- (None) > --- INVENTORY -------- Light Treads Medium Matter Pod Beam Rifle Particle Gun Grenade Launcher [Rating: 30] Favorites ----------- Power Ion Engine Engine Ion Engine Propulsion Light Treads Treads Light Treads Leg Makeshift Leg Utility Weapon Shielding Device Improved Heat Sink Storage Large Storage Unit Protection Weapon Shielding Weapon Assault Rifle Energy Gun Improved Medium Laser Energy Cannon Guided Plasma Cannon Ballistic Gun Assault Rifle Launcher Grenade Launcher Special Weapon Mining Laser Build | -11 -10 -10 -9 -9 -9 ------- Run | Yrd Mat Min Mat Min Exi Slots Evolved 2 | . . . 2 . . Power . | . . . . . . Propulsion 1 | . . . 1 . . Utility 1 | . . . 1 . . Weapon . | . . . . . . Parts Attached 44 | 5 21 . 7 9 2 Power 5 | 1 3 . . 1 . Engine 5 | 1 3 . . 1 . Core . | . . . . . . Reactor . | . . . . . . Propulsion 11 | 2 5 . 1 3 . Treads 8 | 2 5 . 1 . . Leg 3 | . . . . 3 . Wheel . | . . . . . . Hover . | . . . . . . Flight . | . . . . . . Utility 9 | . 4 . 1 3 1 Device 2 | . . . 1 1 . Storage 3 | . 1 . . 1 1 Processor . | . . . . . . Hackware . | . . . . . . Protection 4 | . 3 . . 1 . Artifact . | . . . . . . Weapon 19 | 2 9 . 5 2 1 Energy Gun 6 | . 1 . 4 1 . Energy Cannon 1 | . . . . . 1 Ballistic Gun 10 | 2 8 . . . . Ballistic Cannon . | . . . . . . Launcher 1 | . . . . 1 . Special Weapon 1 | . . . 1 . . Impact Weapon . | . . . . . . Slashing Weapon . | . . . . . . Piercing Weapon . | . . . . . . Special Melee Weapon . | . . . . . . Unidentified Prototypes 5 | . . . 2 . 3 Parts Lost 4 | . . . . 4 . Power 1 | . . . . 1 . Propulsion 2 | . . . . 2 . Utility 1 | . . . . 1 . Weapon . | . . . . . . Highest Loss Streak 2 | . . . . 2 . To Critical Strikes . | . . . . . . Average Slot Usage (%) 90 | . 85 100 99 88 78 Engine 12 | . 13 14 11 10 9 Treads 22 | . 26 28 32 7 . Leg 4 | . . . . 15 19 Device 5 | . . . 11 11 9 Storage 9 | . 7 14 11 11 9 Protection 10 | . 8 14 11 10 9 Energy Gun 12 | . 2 14 16 21 19 Ballistic Gun 11 | . 24 14 2 . . Peak Build Rating 30 | 5 9 9 17 28 30 Average Rating 12 | 4 6 9 15 21 22 On Entrance 10 | . 5 9 9 14 24 Naked Turns 5 | . . . . . 5 Heaviest Build 34 | 7 31 31 33 34 32 Greatest Support 60 | 40 40 40 60 55 35 Greatest Overweight (x) 3 | 1 . . . . 3 Average Overweight (x) . | . . . . . . Largest Inventory Capacity 40 | 5 15 15 15 15 40 Average Capacity 13 | 5 10 15 15 15 14 Most Carried 15 | 2 13 13 15 15 14 Average Carried 10 | 1 6 13 14 14 13 Final Capacity 15 | 5 15 15 15 15 5 Final Carried 15 | 2 13 13 15 14 5 Class Distribution -------------------- 76% | Mutant 23% | Scavenger-Mutant Dominant Class ---------------- Mutant | -10/Materials Mutant | -10/Mines Mutant | -9/Materials Scavenger-Mutant | -9/Mines Scavenger-Mutant | -9/Exiles Resources | -11 -10 -10 -9 -9 -9 ----------- Run | Yrd Mat Min Mat Min Exi Matter Collected 1038 | 190 250 418 77 103 . Remotely . | . . . . . . Salvage Created 548 | . 272 14 139 123 . Parts 41 | . 24 2 8 7 . Haulers Intercepted 2 | . 1 . 1 . . Recyclers Shooed 2 | . . . 1 1 . Parts Field Recycled . | . . . . . . Retrieved Matter . | . . . . . . Parts Self-Destructed . | . . . . . . Prevented . | . . . . . . Kills | -11 -10 -10 -9 -9 -9 ------- Run | Yrd Mat Min Mat Min Exi Combat Hostiles Destroyed 17 | . 7 . 2 8 . Guns 15 | . 7 . 2 6 . AOE 2 | . . . . 2 . Classes Destroyed 7 | . 4 . 1 2 . Worker 3 | . 2 1 . . . Tunneler 1 | . . . . 1 . Hauler 2 | . 1 . 1 . . Watcher 1 | . . . 1 . . Swarmer 4 | . 3 . . 1 . Grunt 9 | . 4 . 2 3 . Assembled 4 | . . . . 4 . Best Kill Streak 5 | . 5 1 3 4 . Combat Bots Only 3 | . 3 . 1 3 . Max Kills in Single Turn 2 | . 1 1 1 2 . Gunslinging . | . . . . . . Exploded 1 | . . . . 1 . Melee . | . . . . . . Uniques/NPCs Destroyed . | . . . . . . Combat | -11 -10 -10 -9 -9 -9 -------- Run | Yrd Mat Min Mat Min Exi Hostile Shots Fired 97 | . 30 . 12 55 . Missed 23 | . 10 . 2 11 . Damage Taken 1372 | . 259 . 145 968 . Core 309 | . 39 . 30 240 . Absorbed by Shields . | . . . . . . Redirected to Shielding 109 | . 39 . 11 59 . Regen/Repaired (Parts) 212 | . 212 . . . . Core Remaining (%) 92 | 100 . 84 . . . Volleys Fired 62 | . 21 . 15 26 . Largest 2 | . 2 . 2 2 . Hottest 156 | . 85 . 156 112 . Shots Fired 121 | . 42 . 27 52 . Gun 112 | . 42 . 22 48 . Cannon . | . . . . . . Launcher 4 | . . . . 4 . Special 5 | . . . 5 . . Kinetic 41 | . 38 . 3 . . Thermal 76 | . 4 . 24 48 . Explosive 4 | . . . . 4 . Electromagnetic . | . . . . . . Robot Hit Streak 13 | . 13 . 10 5 . Robot Miss Streak 6 | . 6 . 2 4 . Penetration Max . | . . . . . . Secondary Targets 1 | . . . . 1 . Max Gunslinging Chain 1 | . . . . 1 . Shots Hit Robots 62 | . 28 . 8 26 . Core Hits 35 | . 13 1 4 17 . Critical Kills . | . . . . . . Critical Parts Destroyed . | . . . . . . Critical Strikes 2 | . 1 . . 1 . Burn 2 | . 1 . . 1 . Melee Attacks . | . . . . . . Impact . | . . . . . . Slashing . | . . . . . . Piercing . | . . . . . . Sneak Attacks . | . . . . . . Combat Hostiles . | . . . . . . Follow-up Attacks . | . . . . . . Damage Inflicted 1380 | 1 472 24 135 748 . Guns 922 | . 364 . 131 427 . Cannons . | . . . . . . Explosions 410 | . 98 . . 312 . Melee . | . . . . . . Ramming 48 | 1 10 24 4 9 . Kinetic 316 | . 302 . 14 . . Thermal 635 | . 91 . 117 427 . Explosive 381 | . 69 . . 312 . Electromagnetic . | . . . . . . Impact . | . . . . . . Slashing . | . . . . . . Piercing . | . . . . . . Highest Corruption . | . . . . . . Average Corruption . | . . . . . . Corruption Purged . | . . . . . . Corruption Blocked . | . . . . . . Overload Shots . | . . . . . . Overflow Damage . | . . . . . . Projectiles . | . . . . . . Explosions . | . . . . . . Melee . | . . . . . . Knockbacks . | . . . . . . Impact . | . . . . . . Kinetic . | . . . . . . Secondary . | . . . . . . Self-Inflicted Damage 94 | . 58 . . 36 . Shots 3 | . 1 . . 2 . Rammed 12 | 1 4 5 1 1 . Targets Rammed 15 | 1 5 5 1 3 . Kicked 2 | . . . . 2 . Crushed 1 | . 1 . . . . Highest Temperature 239 | . 108 . 239 149 . Average Temperature 65 | . 48 . 70 71 . Received Heat Transfer 177 | . 54 . 51 72 . Effects 1 | . . . 1 . . Energy Bleed 1 | . . . 1 . . Siege Activations . | . . . . . . Robots Corrupted . | . . . . . . Combat Hostiles . | . . . . . . Parts Fried . | . . . . . . Impact Corruptions . | . . . . . . Robots Melted . | . . . . . . Combat Hostiles . | . . . . . . Parts Melted 1 | . 1 . . . . Heat Transferred 1530 | . 272 . 259 999 . Parts Sabotaged . | . . . . . . Parts Stolen . | . . . . . . Parts Stripped . | . . . . . . Power Chain Reactions . | . . . . . . Alert | -11 -10 -10 -9 -9 -9 ------- Run | Yrd Mat Min Mat Min Exi Peak Influence 302 | . 302 83 120 192 . Initial 78 | . . 78 31 46 . Average 101 | . 112 80 74 140 . Maximum Alert Level 1 | . 1 . . . . Low Security (%) 88 | 100 71 100 100 100 . Level 1 11 | . 28 . . . . Level 2 . | . . . . . . Level 3 . | . . . . . . Level 4 . | . . . . . . Level 5 . | . . . . . . High Security . | . . . . . . Max Security . | . . . . . . Squads Dispatched 3 | . 1 . 2 . . Investigation . | . . . . . . Extermination . | . . . . . . Reinforcement 3 | . 1 . 2 . . Assault . | . . . . . . Garrison . | . . . . . . Intercept . | . . . . . . Searches Triggered . | . . . . . . Construction Impeded . | . . . . . . Haulers Reinforced . | . . . . . . Active Scanning Responses . | . . . . . . Cargo Convoy Interrupts . | . . . . . . Stealth | -11 -10 -10 -9 -9 -9 --------- Run | Yrd Mat Min Mat Min Exi Distress Signals 2 | . . . . 2 . Communications Jammed . | . . . . . . Distress Signals . | . . . . . . Times Spotted 37 | . 12 . 10 15 . Peak Tracking Total 9 | . 5 . 4 9 . Tactical Retreats 3 | . 2 . . 1 . Traps | -11 -10 -10 -9 -9 -9 ------- Run | Yrd Mat Min Mat Min Exi Traps Triggered 5 | . 5 . . . . Indirectly . | . . . . . . Trap Hack Attempts . | . . . . . . Triggered . | . . . . . . Disarmed . | . . . . . . Reprogrammed . | . . . . . . Reused . | . . . . . . Traps Extracted . | . . . . . . Installed . | . . . . . . Triggered . | . . . . . . Machines | -11 -10 -10 -9 -9 -9 ---------- Run | Yrd Mat Min Mat Min Exi Machines Disabled 6 | . 2 . 1 3 . Max in Single Turn 1 | . 1 . 1 1 . Machines Repaired . | . . . . . . Machines Dismantled . | . . . . . . Machines Sabotaged . | . . . . . . Overloaded Fab Kills . | . . . . . . Hacking | -11 -10 -10 -9 -9 -9 --------- Run | Yrd Mat Min Mat Min Exi Machines Accessed 11 | . 4 . 7 . . Terminals 7 | . 2 . 5 . . Fabricators . | . . . . . . Repair Stations 2 | . 1 . 1 . . Recycling Units 2 | . 1 . 1 . . Scanalyzers . | . . . . . . Garrison Access . | . . . . . . Total Hacks 37 | . 17 . 20 . . Successful 24 | . 15 . 9 . . Failed 13 | . 2 . 11 . . Catastrophic 3 | . . . 3 . . Database Lockouts . | . . . . . . Manual 21 | . 4 . 16 . 1 Terminals 21 | . 4 . 17 . . Fabricators . | . . . . . . Repair Stations 13 | . 11 . 2 . . Recycling Units 3 | . 2 . 1 . . Scanalyzers . | . . . . . . Garrison Access . | . . . . . . Terminal Hacks 3 | . 1 . 2 . . Terminal Index 2 | . 1 . 1 . . Alert Level 1 | . . . 1 . . Fabricator Hacks . | . . . . . . Repair Station Hacks 12 | . 10 . 2 . . Scan Component 6 | . 5 . 1 . . Repair 6 | . 5 . 1 . . Recycling Unit Hacks 3 | . 2 . 1 . . Report Inventory 2 | . 1 . 1 . . Retrieve Components 1 | . 1 . . . . Scanalyzer . | . . . . . . Garrison Access Hacks . | . . . . . . Unauthorized Hacks 6 | . 2 . 4 . . Terminals 6 | . 2 . 4 . . Botnet 6 | . 2 . 4 . . Fabricators . | . . . . . . Repair Stations . | . . . . . . Recycling Units . | . . . . . . Scanalyzers . | . . . . . . Garrison Access . | . . . . . . Data Cores Recovered . | . . . . . . Used . | . . . . . . Hacking Detections 9 | . 3 . 6 . . Full Trace Events . | . . . . . . Feedback Events . | . . . . . . Feedback Blocked . | . . . . . . Robot Schematics Acquired . | . . . . . . Robots Built . | . . . . . . Authchips . | . . . . . . Time . | . . . . . . Total Robot Build Rating . | . . . . . . Part Schematics Acquired . | . . . . . . Parts Built . | . . . . . . Authchips . | . . . . . . Time . | . . . . . . Total Part Build Rating . | . . . . . . Parts Repaired 5 | . 5 . . . . Time 168 | . 142 . 26 . . Parts Recycled . | . . . . . . Recycled Matter . | . . . . . . Retrieved Matter . | . . . . . . Retrieved Components 1 | . 1 . . . . Parts Scanalyzed . | . . . . . . Part Schematics Acquired . | . . . . . . Parts Damaged . | . . . . . . Bothacking | -11 -10 -10 -9 -9 -9 ------------ Run | Yrd Mat Min Mat Min Exi Used RIF Installer . | . . . . . . Robots Hacked . | . . . . . . Non-combat . | . . . . . . Combat . | . . . . . . Robot Hacks Applied . | . . . . . . Relay Couplers Released . | . . . . . . Fabnet Peak Effective % . | . . . . . . Robots Rewired . | . . . . . . Allies Hacked . | . . . . . . Hacks Repelled . | . . . . . . Allies | -11 -10 -10 -9 -9 -9 -------- Run | Yrd Mat Min Mat Min Exi Total Allies 2 | . . 2 . . . Largest Group 2 | . . 2 2 1 . Highest-Rated Group 45 | . . 45 45 14 . Highest-Rated Ally 31 | . . 31 31 14 . Total Orders . | . . . . . . Ally Attacks 11 | . . . 11 . . Total Damage 146 | . . . 146 . . Kills 2 | . . . 2 . . Allies Corrupted 1 | . . . 1 . . Allies Melted . | . . . . . . Intel | -11 -10 -10 -9 -9 -9 ------- Run | Yrd Mat Min Mat Min Exi Robot Analysis Total . | . . . . . . Derelict Logs Recovered . | . . . . . . Drone Launches . | . . . . . . Drone Recoveries . | . . . . . . Exploration | -11 -10 -10 -9 -9 -9 ------------- Run | Yrd Mat Min Mat Min Exi Turns Passed 2390 | 63 909 173 637 440 168 Spaces Moved 1262 | 37 413 104 340 239 129 Core 19 | 7 . . . . 12 Treads 963 | 30 413 104 340 76 . Legs 280 | . . . . 163 117 Wheels . | . . . . . . Hover . | . . . . . . Flight . | . . . . . . Fastest Speed 50 | 50 160 160 160 130 50 Average Speed 152 | 144 160 160 160 142 127 Slowest Speed 200 | 160 160 160 160 160 200 Overloaded Moves . | . . . . . . Propulsion Burnouts . | . . . . . . Robots Hopped . | . . . . . . Cave-ins Triggered . | . . . . . . Time Travels 1 | . . . . . 1 Exploration Rate (%) 34 | 3 43 19 33 72 39 Regions Visited 5 Branch Regions 3 Pre-discovered Areas 1 | . . . . 1 . Known Exits Taken . | . . . . . . Unknown Exits Taken 5 | 1 1 1 1 1 . Scrap Searched . | . . . . . . Spaces Dug 4 | . . . 4 . . Terrain Destroyed 61 | . 41 . 4 16 . Melee . | . . . . . . Projectile 4 | . . . 4 . . AOE 57 | . 41 . . 16 . Terrain Rammed . | . . . . . . Walls Destroyed . | . . . . . . Machines Disabled . | . . . . . . Actions | -11 -10 -10 -9 -9 -9 --------- Run | Yrd Mat Min Mat Min Exi Total 1571 | 44 608 108 396 283 132 Wait 157 | . 134 . 23 . . Move 1257 | 36 412 103 339 238 129 Hop . | . . . . . . Pick Up 24 | 2 12 . 6 4 . Fast Attach 25 | 5 16 . 1 1 2 Attach 5 | . . . 2 3 . Detach 1 | . . . 1 . . Swap 14 | . 5 . 4 5 . Drop 11 | . 3 . 4 3 1 Fire 62 | . 21 . 15 26 . Melee . | . . . . . . Ram . | . . . . . . Kick 2 | . . . . 2 . Crush 13 | 1 5 5 1 1 . Escape Stasis . | . . . . . . Rewire . | . . . . . . Trap . | . . . . . . Miscellaneous . | . . . . . . Route ------- -11/Scrapyard -10/Materials (discovered 2 exits: *Mat / [*Min]) -10/Mines -9/Materials (discovered 3 exits: [*Mat] / [*Min x2]) -9/Mines -9/Exiles History --------- Turn | Location | Event 9 | -11/Scrapyard | Discovered new exit (range 16) 64 | -11/Scrapyard | Entered Materials 280 | -10/Materials | Repaired Lgt. Treads 301 | -10/Materials | Build established: Mutant 457 | -10/Materials | Discovered new exit (range 12) 533 | -10/Materials | Discovered new exit (range 12) 805 | -10/Materials | Repaired Imp. Heat Sink 833 | -10/Materials | Repaired Weapon Shielding 861 | -10/Materials | Repaired Lgt. Treads 888 | -10/Materials | Repaired Lgt. Ion Engine 973 | -10/Materials | Entered Mines 986 | -10/Mines | Discovered new exit (range 7) 1146 | -10/Mines | Entered Materials 1146 | -9/Materials | Accompanied by 2 allies 1146 | -9/Materials | Evolved 2 slots: Propulsion x1, Utility x1 1151 | -9/Materials | Led the pair of lost Derelicts to an unsafe place 1257 | -9/Materials | Discovered new exit (range 7) 1388 | -9/Materials | Discovered new exit (range 13) 1714 | -9/Materials | Discovered new exit (range 15) 1783 | -9/Materials | Entered Mines 1783 | -9/Mines | Accompanied by 1 ally 1787 | -9/Mines | Met a Derelict bent on vengeance 1916 | -9/Mines | Assembled infested the area 1980 | -9/Mines | A weapon hastily lodged in a ceiling crevice suddenly fell to the ground 2097 | -9/Mines | Core integrity fell below 50% 2154 | -9/Mines | Learned location of Storage (-9) 2218 | -9/Mines | Deemed a non-threat by the Exiles lab entrance 2218 | -9/Mines | Discovered new exit (range 5) 2223 | -9/Mines | Entered Exiles 2255 | -9/Exiles | Met 8R-AWN 2278 | -9/Exiles | Met EX-HEX 2313 | -9/Exiles | Met EX-BIN 2327 | -9/Exiles | Aligned with FarCom system 2329 | -9/Exiles | Given EX-Vault access code 2359 | -9/Exiles | Opened EX-Vault 2362 | -9/Exiles | Build established: Scavenger-Mutant 2376 | -9/Exiles | Released all parts (8) 2377 | -9/Exiles | Found Prototype Storage 2377 | -9/Exiles | Identified Lightpack 2.0 2382 | -9/Exiles | Found Prototype Energy Cannon 2382 | -9/Exiles | Identified Gui. Plasma Cannon 2385 | -9/Exiles | Found Prototype Device 2385 | -9/Exiles | Identified Chronowheel 2385 | -9/Exiles | Activated Chronowheel 2385 | -9/Exiles | Spacetime reconverged on an earlier point 2391 | -9/Exiles | Self-destructed Last Messages --------------- as your one! 02359_ Connecting with EX-Vault Access... 02359_ Current location identified: Exiles 02376_ Released Carbon-fiber Leg. 02376_ Released Mak. Leg. 02376_ Released Imp. Medium Laser. 02376_ Released Lrg. Storage Unit. 02376_ Released Imp. Medium Laser. 02376_ Released Weapon Shielding. 02376_ Released Mak. Power Source. 02376_ Released Imp. Heat Sink. 02377_ Acquired Prototype Storage. 02377_ Identified Lightpack 2.0. 02378_ Dropped Lightpack 2.0. 02382_ Acquired Prototype Energy Cannon. 02382_ Identified Gui. Plasma Cannon. 02385_ Acquired Prototype Device. 02385_ Identified Chronowheel. 02385_ Spacetime feels normal again. 02385_ Spacetime reconverges on this point. Map ----- +----------------------------------------------------+ | | | | | | | | | | | | | | | | | | | | | | | | | | | | | | | | | | | | | | | | | | | | | ????????????????????#########????????????????????? | | ????????????????????# # #????????????????????? | | ????????????????????# X[*!#????????????????????? | | ????????????????????# !@[*#????????????????????? | | ????????????????????# !|=![#????????????????????? | | ????????????????????## [[=##????????????????????? | | ????????????????????#X ![!#?????????????????????? | | ????????????????????## #?????????????????????? | | ?????????????????????# #?????????????????????? | | ?????????????????????# #???##????????????????? | | ?????????????????????# #??""""???????????????? | | ?????????????????????# ## """??????????????? | | ?????????????????????# X""??????????????? | | ?????????????????????# ## """??????????????? | | ????????????????###??# #??""""???????????????? | | ???????????????"""""?# #???#?????????????????? | | ???????????????""" ## #?????????????????????? | | ?????????????#""X" #?????????????????????? | | ?????????????#" #?????????????????????? | | ?????????????#" ## #?????????????????????? | | ?????????????#""""""?# #?#########???????????? | | ??????????????#"###??# #?#"""""""#???????????? | | ?????????????????????# #?#"""""""#???????????? | | ?????????????????????# #?#"""""""#???????????? | | ????????????????????## ###"" """"#???????????? | | ????????????????????#" """"#???????????? | | ????????????????????#" """#???????????? | | ????????????????????#" """#???????????? | +----------------------------------------------------+ Best States ------------- Heat Dissipation 42 Energy Generation 15 Energy Capacity 250 Matter Stores 300 Matter Capacity 300 Sight Range 16 Terrain Scan Density 10 Weapon Shielding 33 Evasion (%) 55 Recoil Reduction 3 Item Schematics ----------------- None Robot Schematics ------------------ None Fabricated ------------ Nothing Alien Tech Used ----------------- None Achievements -------------- None Challenges ------------ None Game ------ Seed DeuteriumThrusterModule Manual? 0 Play Time 00:21:45 Cumulative 44.1 hours Start 2025.01.11 @ 15:57:05 End 2025.01.11 @ 23:49:19 Sessions 5 Manual Loads 0 Difficulty Rogue Special Mode None Game No. 35 Rogue 29 Adventurer 6 Explorer 0 Win Type - Total 0 Types 0/0/0/0/0/0/0/0/0 Lore% 20 Gallery% 32 Achievement% 29 Wizard Run 0 Options --------- Layout 1 ASCII 0 Keyboard 0 Movement Arrows Keybinds 0 Fullscreen 2 Font 24/Smallcaps Map View 50x35 Zoom Use 0% Tactical HUD 1 Map Filters NONE Filters NONE Steam 1 RUN: 9912243e-e837-4a21-9ced-6b656919d8ef